AoeStats
← Barnico

Arabia

502998457Analyzed
2v2 RM · 1mo ago on Aug 29, 2026· 18m 9s· 4 players
Game mode
Random Map
Map size
Medium (4 player)
Population
200
Speed
Normal
Resources
Standard
Victory
Conquest
Starting age
Dark Age
Ending age
Imperial Age
RankedLock teamsTeams togetherTeam positionsShared explorationLock speedFull tech treeHidden civsTurbo modeCheats
Victory
Defeat
🇲🇽 Lithuanians · Mexico
1008
+15
🇲🇽 Japanese · Mexico
1008
+15
🇨🇦 Ethiopians · Canada
1021
-17
🇹🇷 Cumans · Türkiye
959
-14
Barnico
4:50 Loom
11:27 Feudal Age
17:03 Scale Barding Armor
17:08 Forging
mag8044
11:19 Feudal Age
11:46 Double-Bit Axe
11:54 Gold Mining
JoseTezcaltlipoca
0:28 Loom
11:14 Feudal Age
12:15 Man-at-Arms
15:29 Arson
19:56 Castle Age
CASTORJHON
10:30 Feudal Age
8:46 Loom
10:43 Man-at-Arms
11:22 Double-Bit Axe
Connection lost

Rejoining the realm…

Still unreachable

The connection could not be restored.

Session expired

The server has moved on; the page needs a fresh start.